 Dungeon Crawl Stone Soup version 0.28-a0-247-gb8bfbab023 (webtiles) character file.

Game seed: 13157426474828207631

90 speeev33 the Skirmisher (level 4, -1/42 HPs)
             Began as a Hill Orc Fighter on Aug 25, 2021.
             Shot with a stone by a goblin (3 damage)
             ... on level 3 of the Dungeon.
             The game lasted 00:04:37 (2200 turns).

speeev33 the Skirmisher (Hill Orc Fighter)          Turns: 2200, Time: 00:04:38

Health: -1/42      AC: 10    Str: 19    XL:     4   Next: 56%
Magic:  4/4        EV:  7    Int:  8    God:
Gold:   103        SH:  8    Dex: 10    Spells: 3/3 levels left

rFire   . . .      SeeInvis +   a - +0 war axe
rCold   . . .      Faith    .   c - +0 kite shield
rNeg    . . .      Spirit   .   b - +0 scale mail
rPois   .          Reflect  .   n - +1 helmet
rElec   .          Harm     .   (no cloak)
rCorr   .          Rampage  .   (no gloves)
Will    .....                   j - +0 pair of boots
Stlth   ..........              (no amulet)
HPRegen 0.14/turn               e - ring of see invisible
MPRegen 0.09/turn               (no ring)

@: no status effects
A: no striking features
a: no special abilities


You were on level 3 of the Dungeon.
You visited 1 branch of the dungeon, and saw 3 of its levels.

You collected 103 gold pieces.

Inventory:

Hand Weapons
 a - a +0 war axe (weapon)
Armour
 b - a +0 scale mail (worn)
 c - a +0 kite shield (worn)
 j - a +0 pair of boots (worn)
 n - a +1 helmet (worn)
Jewellery
 e - a ring of see invisible (left hand)
Potions
 d - a potion of might
 g - a potion of heal wounds
 l - 2 potions of degeneration
 m - a potion of mutation


   Skills:
 + Level 5.1 Fighting
 + Level 4.7 Axes
 - Level 3.2 Armour
 - Level 3.2 Shields


You had 3 spell levels left.
You didn't know any spells.
Your spell library contained the following spells:

 Spells                   Type           Power      Damage    Failure   Level
 Animate Skeleton         Necr           0%         N/A       99%         1
 Pain                     Necr           0%         1d4       99%         1
 Sandblast                Erth           0%         2d4       99%         1
 Passwall                 Tmut/Erth      0%         N/A       100%        2
 Call Canine Familiar     Summ           0%         N/A       100%        3
 Portal Projectile        Hex/Tloc       0%         N/A       100%        3
 Vampiric Draining        Necr           0%         2d6       100%        3
 Leda's Liquefaction      Hex/Erth       0%         N/A       100%        4
 Lee's Rapid Deconstruct  Erth           0%         3d5*      100%        5


Dungeon Overview and Level Annotations

Branches:
Dungeon (3/15)

Altars:


Message History

An orc comes into view. It is wielding a +0 short sword.
The orc shouts!
You hear a shout!
You hear an angry hiss.
The goblin shoots a stone.
You block the stone.
An orc comes into view. It is wielding a +0 war axe.
The goblin shoots a stone.
The stone hits you but does no damage.
You hear a shout!
A ball python comes into view.
Found a whip.
The ball python hisses angrily.
The ball python moves out of view. 2 orcs come into view.
The orc shouts!
The orc closely misses you.
An orc comes into view. It is wielding a +0 flail.
The orc shouts!
You hit the orc but do no damage. You block the orc's attack.
You closely miss the orc. The orc hits you with a +0 short sword.
You block the orc's attack.
You slash the orc!
You kill the orc!
The orc hits you but does no damage.
A rat comes into view.
You closely miss the orc. The orc hits you with a +0 war axe.
You completely miss the orc.
A bat comes into view.
The orc hits you with a +0 war axe!
* * * LOW HITPOINT WARNING * * *
The orc hits you with a +0 war axe.
* * * LOW HITPOINT WARNING * * *
You hit the orc but do no damage. The orc hits you with a +0 war axe.
* * * LOW HITPOINT WARNING * * *
You hit the orc.
The orc is heavily wounded.
The orc closely misses you.
The rat twitches its whiskers.
The goblin shoots a stone.
The stone hits you.
* * * LOW HITPOINT WARNING * * *
The goblin shoots a stone.
The stone hits you but does no damage.
The goblin shoots a stone.
The stone hits you.
You die...

#≈≈
#####≈≈
#..≈≈≈#
+..≈≈≈#
#..≈≈.#
###..≈≈.#
....g≈≈.#
...g≈≈≈@#
≈≈≈≈≈≈#.#
≈≈≈≈≈ #o#
#### #.#
#o# #S#
#b#


o.o ... You could see 4 orcs, 2 goblins, a bat and a ball python.

Vanquished Creatures
  Robin (D:2)
  An adder (D:2)
  A worm (D:2)
  A dart slug (D:2)
  An orc (D:3)
  An endoplasm (D:1)
  3 giant cockroaches
  16 goblins
  7 hobgoblins
  2 quokkas (D:2)
  8 ball pythons (D:1)
  4 bats
  6 frilled lizards
  7 kobolds
  3 rats
62 creatures vanquished.

Notes
Turn   | Place    | Note
-------+----------+-------------------------------------------
     0 | D:1      | speeev33 the Hill Orc Fighter began the quest for the Orb.
     0 | D:1      | Reached XP level 1. HP: 19/19 MP: 1/1
   367 | D:1      | Reached XP level 2. HP: 27/27 MP: 2/2
   371 | D:1      | Reached skill level 4 in Fighting
   933 | D:2      | Reached XP level 3. HP: 28/34 MP: 3/3
  1369 | D:2      | Noticed Robin
  1402 | D:2      | Reached XP level 4. HP: 30/41 MP: 4/4
  2012 | D:2      | Reached skill level 5 in Fighting
  2012 | D:2      | Killed Robin
  2199 | D:3      | HP: 2/42 [goblin/stone (4)]
  2200 | D:3      | Shot with a stone by a goblin

Illustrated notes

Levels and vault maps discovered:
D:1:      mushboom_english_gardens, layout_loops_ring
D:2:      layout_rooms, grunt_ministairs_6, uniq_robin
D:3:      kennysheep_goblin_castle, layout_basic, mainiacjoe_overflow_alcove_4,
          elyvilon_altar_3, portal_sewer_entry_d,
          hellmonk_ecumenical_altar_lost_god, kennysheep_pointless_box,
          roderic_serpentine_path, amcnicky_mini_rare_corridor_liquid

Skill      XL: |  1  2  3  4 |
---------------+-------------+-----
Axes           | 3 4 |  4.7
Fighting       | 4 5 |  5.1
Armour         | |  3.2
Shields        | |  3.2

Action                   |  1- 3 |  4- 6 || total
-------------------------+-------+-------++-------
Melee: War axe           |   116 |    40 ||   156
  Use: Scroll            |       |     6 ||     6
Armor: Scale mail        |    68 |    28 ||    96
Dodge: Dodged            |    45 |    21 ||    66
Block: Kite shield       |    67 |    23 ||    90

Table legend: (Time is in decaauts)
 A = Elapsed time spent in this place.
 B = Non-inter-level travel time spent in this place.
 C = Inter-level travel time spent in this place.
 D = Time resting spent in this place.
 E = Time spent auto-exploring this place.
 F = Levels seen in this place.
 G = Mean time per level.
                   A        B        C        D        E       F      G
               +--------+--------+--------+--------+--------+-----+--------+
         Total |   2284 |   2237 |     47 |    537 |   1005 |   3 |  761.3 |
       Dungeon |   2284 |   2237 |     47 |    537 |   1005 |   3 |  761.3 |
               +--------+--------+--------+--------+--------+-----+--------+

Top non-repeatable levels by time:
     D:2: 1311 daAuts
     D:1: 948 daAuts
     D:3: 24 daAuts
